 Dungeon Crawl Stone Soup version 0.27.1-33-g824d729ab1 (webtiles) character file.

Game seed: 1604653280018124034

158 delapra2 the Conjurer (level 5, -1/28 HPs)
             Began as a Tengu Conjurer on Dec 10, 2021.
             Was an Initiate of Gozag.
             Killed from afar by an orc wizard (9 damage)
             ... with a magic dart
             ... on level 3 of the Dungeon on Dec 15, 2021.
             The game lasted 00:23:06 (3264 turns).

delapra2 the Conjurer (Tengu Conjurer)              Turns: 3264, Time: 00:23:06

Health: -1/28      AC:  2    Str:  8    XL:     5   Next: 40%
Magic:  8/11       EV: 15    Int: 19    God:    Gozag
Gold:   157        SH:  0    Dex: 12    Spells: 4/10 levels left

rFire    + . .     SeeInvis .   f - staff of fire
rCold    . . .     Faith    +   (no shield)
rNeg     . . .     Spirit   .   a - +0 robe
rPois    .         Reflect  .   (helmet restricted)
rElec    .         Harm     .   (no cloak)
rCorr    .         Rampage  .   (no gloves)
Will     .....                  (boots unavailable)
Stlth    +.........             e - amulet of faith
HPRegen  0.09/turn              (no ring)
MPRegen  0.12/turn              (no ring)

@: confused, flying quickly and evasively, quick
A: beak, talons 3, nimble flight
a: Renounce Religion, Potion Petition, Call Merchant, Bribe Branch


You were on level 3 of the Dungeon.
You worshipped Gozag.
Gozag was aware of your devotion.
You visited 1 branch of the dungeon, and saw 3 of its levels.

You collected 183 gold pieces.
You paid 26 gold pieces to Gozag.

Inventory:

Hand Weapons
 k - a +0 hunting sling
 m - a +0 dagger of pain
Missiles
 d - 115 stones
Armour
 a - a +0 robe (worn)
Magical Staves
 f - a staff of fire (weapon)
Jewellery
 e - an amulet of faith (around neck)
Wands
 l - a wand of mindburst (12)
Scrolls
 b - a scroll of blinking {unknown}
 g - a scroll of vulnerability {unknown}
 i - 2 scrolls of teleportation {unknown}
Potions
 c - 3 potions of lignification {unknown}
 h - a potion of brilliance {unknown}
 j - a potion of flight {unknown}


   Skills:
 + Level 0.3 Slings
 + Level 3.1 Dodging
 + Level 2.0 Stealth
 + Level 0.1 Unarmed Combat
 + Level 3.4 Spellcasting
 + Level 6.8 Conjurations


You had 4 spell levels left.
You knew the following spells:

 Your Spells              Type           Power      Damage    Failure   Level
a - Magic Dart            Conj           100%       1d8       1%          1
b - Dazzling Flash        Conj/Hex       32%        N/A       11%         3
c - Searing Ray           Conj           58%        3d5       1%          2

Your spell library contained the following spells:

 Spells                   Type           Power      Damage    Failure   Level
 Fulminant Prism          Conj/Hex       8%         3d7       34%         4
 Iskenderun's Mystic Bla  Conj/Tloc      16%        2d5       34%         4


Dungeon Overview and Level Annotations

Branches:
Dungeon (3/15)

Altars:
Gozag


Innate Abilities, Weirdness & Mutations

You have a beak for a mouth.
You have claws for feet.
Your magical nature lets you fly swiftly and evasively.


Message History

The orc closely misses you. The orc hits you with a +0 mace.
You closely miss the orc. Your kick misses the orc.
The orc is almost dead.
The orc hits you with a +0 mace.
You closely miss the orc. You peck the orc.
You kill the orc!
You hear some strange, mumbled words.
Something tries to affect you, but you resist.
You start resting.
You hear some strange, mumbled words.
A magic dart appears from out of thin air!
The magic dart hits you!
Aiming: Magic Dart (safe; 1% risk of failure)
Press: ? - help, Q - select action, (/) - cycle Shift-Dir - straight line, f - you That beam is likely to hit you.
Continue anyway?
Okay, then.
You are too injured to fight recklessly!
You hear some strange, mumbled words.
A puff of flame appears from out of thin air!
The puff of flame hits you. You resist.
You are confused.
You are more confused.
You bump into the rock wall.
Something tries to affect you, but you resist.
You're too confused to cast spells.
You are too injured to fight recklessly!
You bump into the rock wall.
You're too confused to cast spells.
You're too confused to move!
You completely miss something.
You hear some strange, mumbled words.
A magic dart appears from out of thin air!
The magic dart hits you.
* * * LOW HITPOINT WARNING * * *
You miss something.
You hear some strange, mumbled words.
A magic dart appears from out of thin air!
The magic dart hits you!
You die...
Your body crumbles into a pile of gold.

..#$.)<...#....
#.##.##.#.# #
#..#....# ...
#.##.##.#.#
#.......# ##
#.........#
#.....#.#
####.######
#..#....# #.#
#.#...#.# #.#
#.......# #.#
####.####
########.#
#.######..{@....#
#..$.....########
#######..# ####


There were no monsters in sight!

Vanquished Creatures
  Jessica (D:2)
  An orc wizard (D:3)
  Natasha (twice) (D:2)
  6 orcs (D:3)
  2 ball pythons
  6 endoplasms
  4 goblins
  7 hobgoblins
  4 kobolds
  4 quokkas
  4 bats
  A frilled lizard (D:1)
  6 rats
48 creatures vanquished.

Notes
Turn   | Place    | Note
-------+----------+-------------------------------------------
     0 | D:1      | delapra2 the Tengu Conjurer began the quest for the Orb.
     0 | D:1      | Reached XP level 1. HP: 10/10 MP: 4/4
   578 | D:1      | Reached XP level 2. HP: 15/15 MP: 4/6
   675 | D:1      | Reached skill level 6 in Conjurations
  1046 | D:1      | Found a faded altar of an unknown god.
  1443 | D:2      | Noticed Jessica
  1649 | D:2      | Reached XP level 3. HP: 19/19 MP: 5/7
  1653 | D:2      | Learned a level 3 spell: Dazzling Flash
  2262 | D:2      | Noticed Natasha
  2267 | D:2      | Killed Natasha
  2268 | D:2      | Reached XP level 4. HP: 16/24 MP: 3/8
  2325 | D:2      | Killed Jessica
  2413 | D:2      | Noticed Natasha
  2419 | D:2      | Killed Natasha
  2613 | D:2      | Gained mutation: Your magical nature lets you fly swiftly
                  | and evasively. [Tengu growth]
  2613 | D:2      | Reached XP level 5. HP: 28/28 MP: 7/11
  2657 | D:2      | Found an opulent altar of Gozag.
  2674 | D:2      | Became a worshipper of Gozag Ym Sagoz the Greedy
  3215 | D:3      | Learned a level 2 spell: Searing Ray
  3264 | D:3      | Killed from afar by an orc wizard

Illustrated notes

Levels and vault maps discovered:
D:1:      tarquinn_simple_flora_water_a, layout_basic,
          hellmonk_ecumenical_altar_prayer_group, st_stairs_2,
          nrook_loot_triangle
D:2:      layout_basic, basic_altar, chequers_garden, uniq_natasha, uniq_jessica
D:3:      layout_loops_cross, marbit_many_paths

Skill      XL: |  1  2  3  4  5 |
---------------+----------------+-----
Conjurations   | 6 |  6.8
Spellcasting   | 3 |  3.4
Dodging        | 3 |  3.1
Slings         | |  0.3
Stealth        | |  2.0
Unarmed Combat | |  0.1

Action                   |  1- 3 |  4- 6 || total
-------------------------+-------+-------++-------
Melee: Unarmed           |    11 |       ||    11
       Dagger            |     4 |       ||     4
       Staff             |       |    12 ||    12
       Peck              |       |     2 ||     2
       Kick              |       |     1 ||     1
 Fire: Hunting sling     |     3 |       ||     3
 Cast: Magic Dart        |    66 |    40 ||   106
Armor: Robe              |    10 |       ||    10
Dodge: Dodged            |    16 |     8 ||    24
